3R
WATFORD CITY TRASH PANDAS @ SURPRISE SHOCKERS
05/10/2042
 
TOP OF THE 1ST
Watford City Trash Pandas batting - Pitching for Surprise Shockers : LHP Scott Childers
Pitching: LHP Scott Childers
Batting: RHB Sung-jae Nam 0-0: Called Strike
0-1: Ball
1-1: Bunted foul
1-2: Fly out, F7 (Flyball, 78S, EV 91.9 MPH)
Batting: LHB Don Hartman 0-0: Ground out 3-1 (Groundball, 34, EV 88.1 MPH)
Batting: RHB Yasuhiko Goto 0-0: Called Strike
0-1: Foul Ball, location: 2F
0-2: Strikes out swinging
Top of the 1st over - 0 runs, 0 hits, 0 errors, 0 left on base; Watford City 0 - Surprise 0
BOTTOM OF THE 1ST
Surprise Shockers batting - Pitching for Watford City Trash Pandas : RHP Shao-zu Chow
Pitching: RHP Shao-zu Chow
Batting: LHB George Fraser 0-0: Foul Ball, location: 2F
0-1: Ball
1-1: Called Strike
1-2: Ball
2-2: Ball
3-2: Foul Ball, location: 2F
3-2: SINGLE (Groundball, 4M, EV 88.8 MPH) (infield hit)
Batting: RHB Manny Inserni 0-0: Ball
George Fraser is caught stealing 2nd base 2-4
1-0: Swinging Strike
1-1: Foul Ball, location: 2F
1-2: SINGLE (Line Drive, 6D, EV 98.1 MPH)
Batting: RHB Hal Clay 0-0: Ball
1-0: Foul Ball, location: 2F
1-1: Ball
Passed Ball!
Manny Inserni to second
2-1: Foul Ball, location: 2F
2-2: Strikes out swinging
Batting: RHB Al Custello 0-0: Called Strike
0-1: Ball
1-1: Fly out, F8 (Flyball, 8RS, EV 73.8 MPH)
Bottom of the 1st over - 0 runs, 2 hits, 0 errors, 1 left on base; Watford City 0 - Surprise 0
TOP OF THE 2ND
Watford City Trash Pandas batting - Pitching for Surprise Shockers : LHP Scott Childers
Batting: LHB Marcos Vargas 0-0: Ball
1-0: SINGLE (Groundball, 4D, EV 101.2 MPH)
Batting: RHB Zier Weeteling 0-0: Fly out, F7 (Line Drive, 7D, EV 91.9 MPH)
Batting: LHB Jayson Hill 0-0: Called Strike
0-1: Swinging Strike
0-2: Ball
1-2: Foul Ball, location: 2F
1-2: Ball
2-2: Fly out, F7 (Flyball, 7LS, EV 91.2 MPH)
Batting: SHB Danny Adams 0-0: Ball
1-0: Ball
2-0: Foul Ball, location: 2F
2-1: Fielders Choice at 2nd, 5-4 (Groundball, 56, EV 86.2 MPH)
Top of the 2nd over - 0 runs, 1 hit, 0 errors, 1 left on base; Watford City 0 - Surprise 0
BOTTOM OF THE 2ND
Surprise Shockers batting - Pitching for Watford City Trash Pandas : RHP Shao-zu Chow
Batting: LHB Cory Blatchford 0-0: Swinging Strike
0-1: Swinging Strike
0-2: Ground out U3 (Groundball, 3S, EV 85.6 MPH)
Batting: RHB Augusto Castro 0-0: Ball
1-0: Called Strike
1-1: Fly out, F6 (Line Drive, 6, EV 61.2 MPH)
Batting: RHB Robbie Fisher 0-0: Ball
1-0: Ball
2-0: Ball
3-0: Called Strike
3-1: Swinging Strike
3-2: Foul Ball, location: 2F
3-2: Fly out, F7 (Line Drive, 7, EV 96.9 MPH)
Bottom of the 2nd over - 0 runs, 0 hits, 0 errors, 0 left on base; Watford City 0 - Surprise 0
TOP OF THE 3RD
Watford City Trash Pandas batting - Pitching for Surprise Shockers : LHP Scott Childers
Batting: RHB Lee Carlson 0-0: Ground out 5-3 (Groundball, 56, EV 104.4 MPH)
Batting: LHB Francisco Gallardo 0-0: Foul Ball, location: 2F
0-1: Foul Ball, location: 2F
0-2: Fly out, F7 (Line Drive, 7, EV 83.1 MPH)
Batting: RHB Sung-jae Nam 0-0: Called Strike
0-1: Ground out 6-3 (Groundball, 6, EV 91.9 MPH)
Top of the 3rd over - 0 runs, 0 hits, 0 errors, 0 left on base; Watford City 0 - Surprise 0
BOTTOM OF THE 3RD
Surprise Shockers batting - Pitching for Watford City Trash Pandas : RHP Shao-zu Chow
Batting: SHB Al Miller 0-0: Called Strike
0-1: Ball
1-1: Foul Ball, location: 2F
1-2: Ball
2-2: Fly out, F8 (Line Drive, 8LD, EV 104.4 MPH)
Batting: LHB Stephen Hicks 0-0: Ball
1-0: Called Strike
1-1: DOUBLE (Flyball, 8LXD, EV 95.6 MPH)
Batting: LHB George Fraser 0-0: Called Strike
0-1: Ball
1-1: SINGLE (Line Drive, 8LS, EV 91.9 MPH)
Stephen Hicks to third
Batting: RHB Manny Inserni 0-0: Called Strike
0-1: Fly out, F8 (Line Drive, 8RM, EV 86.9 MPH)
Runner from 3rd tags up, OUT at HOME! 8-2
Bottom of the 3rd over - 0 runs, 2 hits, 0 errors, 1 left on base; Watford City 0 - Surprise 0
TOP OF THE 4TH
Watford City Trash Pandas batting - Pitching for Surprise Shockers : LHP Scott Childers
Batting: LHB Don Hartman 0-0: Called Strike
0-1: Foul Ball, location: 2F
0-2: DOUBLE (Line Drive, 9LM, EV 108.8 MPH)
Batting: RHB Yasuhiko Goto 0-0: Called Strike
0-1: Ball
1-1: Swinging Strike
1-2: Ball
2-2: Foul Ball, location: 2F
2-2: Ball
3-2: Fly out, F9 (Flyball, 9, EV 95.0 MPH)
Batting: LHB Marcos Vargas 0-0: SINGLE (Line Drive, 4MD, EV 96.2 MPH)
Don Hartman to third
Batting: RHB Zier Weeteling 0-0: Called Strike
0-1: Fielders Choice at 2nd, 2-4 (Groundball, 15S, EV 65.6 MPH)
Batting: LHB Jayson Hill 0-0: Ball
1-0: Fielders Choice at 2nd, 6-4 (Groundball, 6, EV 82.5 MPH)
Top of the 4th over - 0 runs, 2 hits, 0 errors, 2 left on base; Watford City 0 - Surprise 0
BOTTOM OF THE 4TH
Surprise Shockers batting - Pitching for Watford City Trash Pandas : RHP Shao-zu Chow
Batting: RHB Hal Clay 0-0: Called Strike
0-1: Foul Ball, location: 2F
0-2: Ball
1-2: Strikes out swinging
Batting: RHB Al Custello 0-0: Ball
1-0: Fly out, F7 (Flyball, 78M, EV 80.6 MPH)
Batting: LHB Cory Blatchford 0-0: Swinging Strike
0-1: DOUBLE (Flyball, 78D, EV 102.5 MPH)
Batting: RHB Augusto Castro 0-0: Called Strike
0-1: Ball
1-1: Swinging Strike
1-2: Strikes out swinging
Bottom of the 4th over - 0 runs, 1 hit, 0 errors, 1 left on base; Watford City 0 - Surprise 0
TOP OF THE 5TH
Watford City Trash Pandas batting - Pitching for Surprise Shockers : LHP Scott Childers
Batting: SHB Danny Adams 0-0: Called Strike
0-1: Ball
1-1: Foul Ball, location: 2F
1-2: Ground out 5-3 (Groundball, 56, EV 90.0 MPH)
Batting: RHB Lee Carlson 0-0: Swinging Strike
0-1: Called Strike
0-2: Ground out 6-3 (Groundball, 6, EV 90.6 MPH)
Batting: LHB Francisco Gallardo 0-0: Ground out U3 (Groundball, 3, EV 85.0 MPH)
Top of the 5th over - 0 runs, 0 hits, 0 errors, 0 left on base; Watford City 0 - Surprise 0
BOTTOM OF THE 5TH
Surprise Shockers batting - Pitching for Watford City Trash Pandas : RHP Shao-zu Chow
Batting: RHB Robbie Fisher 0-0: Ball
1-0: Foul Ball, location: 2F
1-1: Called Strike
1-2: Fly out, F9 (Line Drive, 9D, EV 91.9 MPH)
Batting: SHB Al Miller 0-0: Ball
1-0: Called Strike
1-1: Ball
2-1: Ball
3-1: Ground out 5-3 (Groundball, 56, EV 90.0 MPH)
Batting: LHB Stephen Hicks 0-0: Ball
1-0: Foul Ball, location: 2F
1-1: Ball
2-1: Ball
3-1: Base on Balls
Pitching: LHP León Morán
Batting: LHB George Fraser 0-0: Ball
1-0: Foul Ball, location: 2F
1-1: Foul Ball, location: 2F
1-2: Ball
2-2: Foul Ball, location: 2F
2-2: Strikes out swinging
Bottom of the 5th over - 0 runs, 0 hits, 0 errors, 1 left on base; Watford City 0 - Surprise 0
TOP OF THE 6TH
Watford City Trash Pandas batting - Pitching for Surprise Shockers : LHP Scott Childers
Batting: RHB Sung-jae Nam 0-0: Ball
1-0: Ground out U3 (Groundball, 34, EV 99.4 MPH)
Batting: LHB Don Hartman 0-0: Ball
1-0: Swinging Strike
1-1: Foul Ball, location: 3F, Error on foul ball, E3
1-2: Foul Ball, location: 2F
1-2: Ball
2-2: Fly out, F9 (Flyball, 9LM, EV 85.0 MPH)
Batting: RHB Yasuhiko Goto 0-0: Called Strike
0-1: Ball
1-1: Ball
2-1: Called Strike
2-2: Ball
3-2: Base on Balls
Batting: LHB Marcos Vargas 0-0: Called Strike
0-1: Ball
1-1: Ball
2-1: Ball
3-1: Foul Ball, location: 2F
3-2: Strikes out swinging
Top of the 6th over - 0 runs, 0 hits, 1 error, 1 left on base; Watford City 0 - Surprise 0
BOTTOM OF THE 6TH
Surprise Shockers batting - Pitching for Watford City Trash Pandas : LHP León Morán
Batting: RHB Manny Inserni 0-0: Foul Ball, location: 2F
0-1: Ball
1-1: Ground out 6-3 (Groundball, 6, EV 87.5 MPH)
Batting: RHB Hal Clay 0-0: Fly out, F6 (Popup, 6M, EV 60.0 MPH)
Batting: RHB Al Custello 0-0: Ball
1-0: Fly out, F8 (Line Drive, 8RM, EV 112.5 MPH)
Bottom of the 6th over - 0 runs, 0 hits, 0 errors, 0 left on base; Watford City 0 - Surprise 0
TOP OF THE 7TH
Watford City Trash Pandas batting - Pitching for Surprise Shockers : LHP Scott Childers
Batting: RHB Zier Weeteling 0-0: Ball
1-0: Foul Ball, location: 2F
1-1: Ground out 6-3 (Groundball, 6, EV 85.6 MPH)
Batting: LHB Jayson Hill 0-0: Swinging Strike
0-1: Foul Ball, location: 2F
0-2: Ball
1-2: Fly out, F8 (Flyball, 8LXD, EV 100.6 MPH)
Batting: SHB Danny Adams 0-0: Fly out, F5 (Popup, 5SF, EV 73.1 MPH)
Top of the 7th over - 0 runs, 0 hits, 0 errors, 0 left on base; Watford City 0 - Surprise 0
BOTTOM OF THE 7TH
Surprise Shockers batting - Pitching for Watford City Trash Pandas : LHP León Morán
Batting: LHB Cory Blatchford 0-0: Called Strike
0-1: Ball
1-1: Fly out, F7 (Flyball, 78S, EV 88.1 MPH)
Batting: RHB Augusto Castro 0-0: Ball
1-0: Ball
2-0: Ground out 4-3 (Groundball, 34, EV 100.6 MPH)
Batting: RHB Robbie Fisher 0-0: Foul Ball, location: 2F
0-1: SINGLE (Line Drive, 8RS, EV 102.5 MPH)
Batting: SHB Al Miller 0-0: Called Strike
0-1: Ball
1-1: Called Strike
1-2: Strikes out looking
Bottom of the 7th over - 0 runs, 1 hit, 0 errors, 1 left on base; Watford City 0 - Surprise 0
TOP OF THE 8TH
Watford City Trash Pandas batting - Pitching for Surprise Shockers : LHP Scott Childers
Batting: RHB Lee Carlson 0-0: Called Strike
0-1: Ball
1-1: Fly out, F9 (Flyball, 9S, EV 81.9 MPH)
Batting: LHB Francisco Gallardo 0-0: Fly out, F7 (Flyball, 7LSF, EV 99.4 MPH)
Batting: RHB Sung-jae Nam 0-0: Hit by Pitch
Batting: LHB Don Hartman 0-0: Ball
1-0: Called Strike
1-1: Ball
2-1: Ball
3-1: Base on Balls
Sung-jae Nam to second
Batting: RHB Yasuhiko Goto 0-0: Ball
1-0: Foul Ball, location: 2F
1-1: Ball
2-1: Foul Ball, location: 2F
2-2: Foul Ball, location: 2F
2-2: Ground out 2-3 (Groundball, 2L, EV 73.8 MPH)
Top of the 8th over - 0 runs, 0 hits, 0 errors, 2 left on base; Watford City 0 - Surprise 0
BOTTOM OF THE 8TH
Surprise Shockers batting - Pitching for Watford City Trash Pandas : LHP León Morán
Batting: LHB Stephen Hicks 0-0: Called Strike
0-1: Foul Ball, location: 2F
0-2: Ball
1-2: Strikes out looking
Batting: LHB George Fraser 0-0: Called Strike
0-1: Ball
1-1: Ball
2-1: Called Strike
2-2: Fly out, F7 (Flyball, 7S, EV 83.1 MPH)
Batting: RHB Manny Inserni 0-0: Ball
1-0: Ball
2-0: Ball
3-0: Called Strike
3-1: Swinging Strike
3-2: Foul Ball, location: 2F
3-2: Foul Ball, location: 2F
3-2: Fly out, F9 (Line Drive, 9D, EV 94.4 MPH)
Bottom of the 8th over - 0 runs, 0 hits, 0 errors, 0 left on base; Watford City 0 - Surprise 0
TOP OF THE 9TH
Watford City Trash Pandas batting - Pitching for Surprise Shockers : LHP Scott Childers
Pitching: RHP Ángel López
Batting: LHB Marcos Vargas 0-0: Ball
1-0: SINGLE (Groundball, 4D, EV 106.9 MPH)
Pinch Hitting: LHB Pedro Rey 0-0: Ball
1-0: Called Strike
1-1: Foul Ball, location: 2F
1-2: Fly out, F8 (Line Drive, 8LD, EV 97.5 MPH)
Pinch Hitting: LHB Manuel Alea 0-0: Ball
1-0: Called Strike
1-1: Ball
2-1: SINGLE (Line Drive, 6D, EV 94.4 MPH)
Marcos Vargas to second
Batting: SHB Danny Adams 0-0: Ball
1-0: Ball
2-0: SINGLE (Groundball, 4D, EV 110.0 MPH)
Marcos Vargas to third
Manuel Alea to second
Pinch Hitting: RHB Miguel Ávila 0-0: Swinging Strike
0-1: SINGLE (Groundball, 6M, EV 99.4 MPH) (infield hit)
Marcos Vargas scores
Manuel Alea to third
Danny Adams to second
Batting: LHB Francisco Gallardo 0-0: Swinging Strike
0-1: Swinging Strike
0-2: Foul Ball, location: 2F
0-2: Strikes out looking
Batting: RHB Sung-jae Nam 0-0: Foul Ball, location: 2F
0-1: Swinging Strike
0-2: Foul Ball, location: 2F
0-2: Ball
1-2: Ball
2-2: Ball
3-2: Foul Ball, location: 2F
3-2: SINGLE (Line Drive, 3D, EV 99.4 MPH)
Manuel Alea scores
Danny Adams to third
Miguel Ávila to second
Danny Adams scores
Miguel Ávila to third
Batting: LHB Don Hartman 0-0: Ball
1-0: Called Strike
1-1: Foul Ball, location: 2F
1-2: Foul Ball, location: 2F
1-2: Ball
2-2: Strikes out swinging
Top of the 9th over - 3 runs, 5 hits, 0 errors, 2 left on base; Watford City 3 - Surprise 0
BOTTOM OF THE 9TH
Surprise Shockers batting - Pitching for Watford City Trash Pandas : LHP León Morán
Pitching: RHP Juan González
Now at C: Pedro Rey
Now at 2B: Pim Oskamp
Now in CF: Miguel Ávila
Batting: RHB Hal Clay 0-0: Ground out 4-3 (Groundball, 4, EV 78.8 MPH)
Batting: RHB Al Custello 0-0: SOLO HOME RUN (Flyball, 78XD, EV 94.4 MPH), Distance : 410 ft
Batting: LHB Cory Blatchford 0-0: Ball
1-0: Called Strike
1-1: Ground out 1-3 (Groundball, 13S, EV 66.2 MPH)
Batting: RHB Augusto Castro 0-0: Fly out, F8 (Flyball, 8LS, EV 87.5 MPH)
Bottom of the 9th over - 1 run, 1 hit, 0 errors, 0 left on base; Watford City 3 - Surprise 1
Friday, March 26th, 2021 - OOTP Baseball 20.8 Build 74